cohdb
Replays
Latest Replays
All Replays
Popular Replays
Top Player Replays
Match Explorer
How It Works
Community
CoH3 Stats
Reddit
Sign in to upload your games and track your stats! →
Sign in with Steam
Match 38125216
Unlisted
Match 38125216
Overview
Messages
Build Orders
End
Kettenkrad Recon Vehicle
Construct Infanterie Kompanie
MG 42 Machine Gun Team
Grenadier Squad
GrW 34 Mortar Team
Construct Luftwaffe Kompanie
Jäger Squad
Jäger Squad
Selects Italian Coastal Battlegroup
Selects Support Bunkers
Selects Rapid Fortifications
Rapid Fortifications
Construct Panzergrenadier Kompanie
Support Elements
Medical Bunker
Luftwaffe Officer Quarters
Selects Coastal Reserves
Selects Artillery Officer
Construct Panzer Kompanie
Panzer Officer Quarters
Side Skirts
Panzer IV Medium Tank
拜者为叩
Kelish
皮皮
熊猫Real tiger
Dahlian
Random_Target
Bish Bash Bosh
Juzticus
0
0
Comments
sign in to comment!
No comments posted yet!